 Dungeon Crawl Stone Soup version 0.21-a0-52-gbf49515 (webtiles) character file.

80 BrendanD the Skirmisher (level 4, 0/31 HPs)
             Began as a Gargoyle Berserker on June 13, 2017.
             Was a Believer of Trog.
             Slain by an orc (3 damage)
             ... on level 3 of the Dungeon.
             The game lasted 00:04:04 (1628 turns).

BrendanD the Skirmisher (Gargoyle Berserker)        Turns: 1628, Time: 00:04:05

Health: 0/31       AC:  8    Str: 22    XL:     4   Next: 39%
Magic:  4/4        EV:  8    Int:  7    God:    Trog [**....]
Gold:   128        SH:  0    Dex: 11    Spells: 3/3 levels left

rFire    . . .     SeeInvis .   q - +0 flail
rCold    + . .     Gourm    .   (no shield)
rNeg     + . .     Faith    .   d - +0 chain mail
rPois    ∞         Spirit   .   (no helmet)
rElec    +         Reflect  .   (no cloak)
rCorr    .         Harm     .   (no gloves)
MR       .....                  (no boots)
Stlth    ..........             (no amulet)
Regen    0.1/turn               e - ring of protection from cold (curse)
MPRegen  0.1/turn               (no ring)

@: berserk cooldown, slowed, very slow
A: agile 1, deformed body, negative energy resistance 1, electricity resistance,
unbreathing, petrification resistance, rot immunity, AC +3
a: Berserk, Trog's Hand, Burn Spellbooks, Renounce Religion


You were on level 3 of the Dungeon.
You worshipped Trog.
Trog was pleased with you.
You were not hungry.

You visited 1 branch of the dungeon, and saw 3 of its levels.

You collected 128 gold pieces.

Inventory:

Hand Weapons
 q - a +0 flail (weapon)
Armour
 d - a +0 chain mail (worn)
Jewellery
 e - a cursed ring of protection from cold (left hand)
Scrolls
 f - 4 scrolls of identify {unknown}
 j - 4 scrolls of teleportation {unknown}
 o - a scroll of magic mapping {unknown}
Potions
 h - a potion of haste {unknown}
 k - a potion of cancellation {unknown}
 m - a potion of lignification {unknown}
Comestibles
 a - 3 fruits
 b - a chunk of flesh
 c - 5 bread rations
 l - a royal jelly
 n - a meat ration


   Skills:
 * Level 5.1 Fighting
 + Level 3.6 Maces & Flails
 - Level 2.1 Armour
 - Level 1.5 Dodging


You had 3 spell levels left.
You didn't know any spells.

Dungeon Overview and Level Annotations

Branches:
Dungeon (3/15)

Altars:
Xom


Innate Abilities, Weirdness & Mutations

You are resistant to torment.
Your stone body is resilient. (AC +3)
You are immune to poison.
You resist negative energy. (rN+)
You are resistant to electric shocks. (rElec)
You can survive without breathing.
You are immune to petrification.
You are immune to rotting.
You are agile. (Dex +2)
Armour fits poorly on your strangely shaped body.


Message History

The orc barely misses you.
The frilled lizard bites you but does no damage.
You thump the orc wizard!
You kill the orc wizard!
Trog accepts your kill.
Trog appreciates your killing of a magic user.
The frilled lizard barely misses you.
You closely miss the orc.
The frilled lizard bites you but does no damage.
The orc hits you but does no damage.
The orc throws a tomahawk.
The tomahawk barely misses you. The frilled lizard misses you.
The orc barely misses you.
You barely miss the orc. The frilled lizard closely misses you.
The orc closely misses you. The orc hits you but does no damage.
The frilled lizard closely misses you. The orc hits you.
* * * LOW HITPOINT WARNING * * *
The orc hits you.
* * * LOW HITPOINT WARNING * * *
You hit the orc. The frilled lizard closely misses you. The orc hits you.
You die...

##............
#.....###...#.#
#.(...# ....#.#
#..#..# #..# # .
#..$#.... .>#
....##..#####.#.#
........K.....#
....##.#l####..
... #.#@# ..
#.oo# # #.### ##


You could see 2 orcs, a kobold and a frilled lizard.

Vanquished Creatures
  An orc wizard (D:3)
  2 adders
  A worm (D:2)
  4 orcs (D:3)
  5 giant cockroaches
  4 goblins (D:2)
  5 hobgoblins
  A quokka (D:2)
  2 ball pythons (D:2)
  4 bats
  4 frilled lizards (D:2)
  8 kobolds
41 creatures vanquished.

Notes
Turn   | Place    | Note
-------+----------+-------------------------------------------
     0 | D:1      | BrendanD the Gargoyle Berserker began the quest for the Orb.
     0 | D:1      | Reached XP level 1. HP: 14/14 MP: 1/1
   302 | D:1      | Reached XP level 2. HP: 20/20 MP: 2/2
   710 | D:2      | Reached skill level 4 in Fighting
   856 | D:2      | Reached XP level 3. HP: 24/24 MP: 3/3
  1185 | D:2      | Reached ** piety under Trog
  1429 | D:3      | Found a shimmering altar of Xom.
  1469 | D:3      | Reached XP level 4. HP: 28/30 MP: 4/4
  1588 | D:3      | Gained mutation: Armour fits poorly on your strangely shaped body. [potion of mutation]
  1588 | D:3      | Gained mutation: You are agile. (Dex +2) [potion of mutation]
  1599 | D:3      | Reached skill level 5 in Fighting
  1599 | D:3      | HP: 1/46 [orc priest/divine providence (13)]
  1628 | D:3      | Slain by an orc

Vault maps used:
D:1:      mainiacjoe_arrival_reflecting_pool
D:2:      first_bread
D:3:      xom_redecorated

Skill      XL: |  1  2  3  4 |
---------------+-------------+-----
Fighting       | 4 5 |  5.1
Maces & Flails | |  3.6
Armour         | |  2.1
Dodging        | |  1.5

Action                   |  1- 3 |  4- 6 || total
-------------------------+-------+-------++-------
Melee: Mace              |   128 |       ||   128
       Flail             |    23 |    24 ||    47
Invok: Berserk           |       |     1 ||     1
  Use: Potion            |       |     4 ||     4
  Eat: Chunk             |     2 |     2 ||     4
Armor: Chain mail        |   129 |    42 ||   171
Dodge: Dodged            |    84 |    30 ||   114
